 Dungeon Crawl Stone Soup version 0.21-a0-186-g02e8684 (webtiles) character file.

11842 4thArraOfDagon the Protected (level 11, -6/104 HPs)
             Began as a Demigod Fighter on Aug 13, 2017.
             Mangled by an ice devil (20 damage)
             ... in an ice cave.
             The game lasted 00:33:12 (10972 turns).

4thArraOfDagon the Protected (Demigod Fighter)     Turns: 10972, Time: 00:33:13

Health: -6/104     AC: 19    Str: 19    XL:     11   Next: 29%
Magic:  19/19      EV:  7    Int: 20    God:
Gold:   744        SH:  0    Dex: 15    Spells: 10/10 levels left

rFire    . . .     SeeInvis .   e - +0 arbalest (elec)
rCold    . . .     Gourm    +   (shield currently unavailable)
rNeg     . . .     Faith    .   T - +0 plate armour
rPois    .         Spirit   .   M - +0 helmet
rElec    +         Reflect  .   d - +1 cloak
rCorr    +         Harm     .   (no gloves)
MR       ++...                  (no boots)
Stlth    ..........             H - amulet of the gourmand
HPRegen  0.27/turn              K - +2 ring of intelligence
MPRegen  0.16/turn              G - ring of resist corrosion

@: no status effects
A: high mp 1, magic resistance 1, sense surroundings 1, electricity resistance
a: no special abilities


You were in an ice cave.
You were full.

You visited 1 branch of the dungeon, and saw 14 of its levels.
You also visited: Bailey and Ice Cave.

You collected 744 gold pieces.

Inventory:

Hand Weapons
 a - a +1 flail
 e - a +0 arbalest of electrocution (weapon)
 m - a +1 bardiche of venom
 p - a +3 rapier of flaming
Missiles
 g - 68 bolts (quivered)
Armour
 d - a +1 cloak (worn)
 M - a +0 helmet (worn)
 T - a +0 plate armour (worn)
Magical Staves
 X - an uncursed staff of conjuration {unknown}
Jewellery
 D - an uncursed ring of resist corrosion
 G - a ring of resist corrosion (right hand)
 H - an amulet of the gourmand (around neck)
 K - a +2 ring of intelligence (left hand)
 R - an uncursed ring of protection from fire
Wands
 o - a wand of confusion (19/48)
 q - a wand of polymorph (8/24)
 x - a wand of clouds (2/9)
 I - a wand of confusion (0/48)
 L - a wand of paralysis (19/24)
 O - a wand of digging (10/24)
 Q - a wand of polymorph (11/24)
 S - a wand of lightning (6/15)
 V - a wand of clouds (4/9)
 W - a wand of iceblast (11/15)
Scrolls
 b - a scroll of brand weapon
 h - 4 scrolls of blinking
 l - 3 scrolls of recharging
 s - a scroll of fog
 t - 3 scrolls of amnesia
 w - 2 scrolls of fear
 y - 4 scrolls of remove curse
 z - a scroll of magic mapping
 F - 6 scrolls of teleportation {unknown}
 J - a scroll of enchant weapon
Potions
 j - 2 potions of cancellation {unknown}
 k - a potion of magic {unknown}
 n - 3 potions of haste
 v - 2 potions of degeneration {unknown}
 A - a potion of invisibility {unknown}
 B - 3 potions of flight {unknown}
 C - a potion of heal wounds
 E - 6 potions of curing
 P - 2 potions of brilliance {unknown}
 U - a potion of ambrosia {unknown}
 Y - a potion of agility {unknown}
 Z - a potion of lignification {unknown}
Comestibles
 f - 4 bread rations
 u - 5 meat rations


   Skills:
 - Level 12.0 Fighting
 - Level 5.1 Maces & Flails
 - Level 0.3 Polearms
 * Level 7.4 Crossbows
 - Level 12.6 Armour
 - Level 2.0 Dodging
   Level 2.6 Shields
 - Level 6.1 Evocations


You had 10 spell levels left.
You didn't know any spells.

Dungeon Overview and Level Annotations

Branches:
Dungeon (14/15)            Temple (0/1) D:6
   Lair: D:8-11         Orc: D:9-12      Vaults: D:13-14

Shops:
D:5 }

Annotations:
D:7 Slowdrip's ghost, novice VSFi IceCv exclusion: 2 ice statues


Innate Abilities, Weirdness & Mutations

You have an increased reservoir of magic. (+10% MP)
You are resistant to hostile enchantments. (MR+)
You passively map a small area around you.
You are resistant to electric shocks. (rElec)


Message History

The ice devil hits you. The ice devil freezes you!
The ice devil hits you but does no damage.
You are too injured to fight recklessly!
You are too injured to fight recklessly!
Firing (i - inventory):
g - 70 bolts (quivered)
Press: ? - help, Shift-Dir - straight line, f/p - ice devil
Aim: an ice devil (heavily wounded)
You shoot a bolt. The bolt barely misses the ice devil.
The ice devil hits you but does no damage.
Unknown command.
Firing (i - inventory):
g - 69 bolts (quivered)
Press: ? - help, Shift-Dir - straight line, f/p - ice devil
Aim: an ice devil (heavily wounded)
You shoot a bolt. The bolt barely misses the ice devil.
The ice devil hits you! The ice devil freezes you!
* * * LOW HITPOINT WARNING * * *
The ice devil hits you.
* * * LOW HITPOINT WARNING * * *
The ice devil freezes you!!
You die...

##...#
##(..#
#...##
##...##
##.....##
#...∩...#
#...(...#
##..4..##
##.@.##
#####


You could see an ice devil.

Vanquished Creatures
  A centaur warrior (D:13)
  4 two-headed ogres
  An orc knight (Bailey)
  2 deep elf magi (D:13)
  A manticore (D:13)
  2 ice devils (IceCv)
  A tengu conjurer (D:13)
  Prince Ribbit (D:5)
  A shadow (D:12)
  2 wyverns
  2 soldier ants
  A water moccasin (D:10)
  Duvessa (D:7)
  15 orc warriors
  An ice beast (D:11)
  2 sky beasts
  A black bear (D:11)
  3 phantoms
  An eye of draining (D:10)
  4 centaurs
  4 ogres
  9 bullfrogs
  2 wyvern zombies
  Dowan (D:7)
  4 scorpions
  3 killer bees (D:12)
  7 wights
  A howler monkey (D:5)
  3 crimson imps
  A quasit (D:12)
  A centaur zombie (D:8)
  A jelly (D:8)
  7 orc wizards
  3 hounds
  4 orc priests
  7 worker ants
  Terence (D:2)
  2 ogre zombies (D:12)
  A worker ant zombie (D:10)
  12 adders
  A howler monkey skeleton (D:5)
  A shadow imp (D:11)
  2 adder zombies (D:8)
  A dart slug (D:4)
  6 leopard geckos
  46 orcs
  2 ball pythons
  3 giant cockroaches
  10 goblins
  5 hobgoblins
  12 jackals
  5 kobolds
  3 quokkas
  A ball python skeleton (D:6)
  4 bats
  7 frilled lizards
  3 goblin zombies (D:12)
  A hobgoblin skeleton (D:12)
  2 hobgoblin zombies (D:12)
  A jackal zombie (D:6)
  A leopard gecko skeleton (D:5)
  A leopard gecko zombie (D:5)
  An orc skeleton (D:12)
  6 orc zombies (D:12)
  9 rats
255 creatures vanquished.

Vanquished Creatures (others)
  A shadow imp (D:13)
1 creature vanquished.

Grand Total: 256 creatures vanquished

Notes
Turn   | Place    | Note
-------+----------+-------------------------------------------
     0 | D:1      | 4thArraOfDagon the Demigod Fighter began the quest for the Orb.
     0 | D:1      | Reached XP level 1. HP: 18/18 MP: 3/3
    79 | D:2      | Found a burning altar of Makhleb.
   102 | D:1      | Reached XP level 2. HP: 25/25 MP: 4/4
   162 | D:2      | Found a radiant altar of Vehumet.
   167 | D:2      | Noticed Terence
   299 | D:2      | Found a faded altar of an unknown god.
   380 | D:3      | Reached XP level 3. HP: 27/31 MP: 5/5
   636 | D:5      | Entered Level 5 of the Dungeon
   636 | D:5      | Noticed an ogre
   636 | D:5      | Noticed a scorpion
   643 | D:5      | Killed an ogre
   643 | D:5      | Reached skill level 1 in Dodging
   643 | D:5      | Reached XP level 4. HP: 18/38 MP: 6/6
   650 | D:5      | Reached XP level 5. HP: 17/45 MP: 7/7
   686 | D:5      | Noticed a phantom
   705 | D:5      | Killed a phantom
   735 | D:5      | Found Foasy's Gadget Shop.
   919 | D:6      | Reached XP level 6. HP: 43/52 MP: 8/8
   932 | D:6      | Reached skill level 5 in Maces & Flails
  1032 | D:6      | Found a staircase to the Ecumenical Temple.
  1093 | D:7      | Found a hazy altar of Hepliaklqana.
  1156 | D:7      | Found a flagged portal.
  1184 | Bailey   | Entered a bailey
  1480 | Bailey   | Reached XP level 7. HP: 26/59 MP: 10/12
  2124 | Bailey   | Reached skill level 5 in Evocations
  2376 | Bailey   | Reached XP level 8. HP: 66/66 MP: 15/15
  2418 | Bailey   | Reached skill level 1 in Crossbows
  2620 | Bailey   | Noticed an orc knight
  2668 | Bailey   | Killed an orc knight
  2668 | Bailey   | Reached skill level 5 in Crossbows
  2813 | D:7      | Noticed Duvessa
  2838 | D:7      | Noticed Dowan
  2841 | D:7      | Killed Dowan
  2843 | D:7      | Killed Duvessa
  2843 | D:7      | Reached XP level 9. HP: 71/71 MP: 16/16
  3056 | D:6      | Identified a scroll of acquirement
  3228 | D:5      | Gained mutation: You are resistant to hostile enchantments. (MR+) [mutagenic meat]
  3229 | D:5      | Gained mutation: Your flesh is cold resistant. (rC+) [mutagenic meat]
  3230 | D:5      | Gained mutation: You are resistant to electric shocks. (rElec) [mutagenic meat]
  3232 | D:5      | Gained mutation: Your mind is acute. (Int +2) [mutagenic meat]
  3233 | D:5      | Gained mutation: You passively map a small area around you. [mutagenic meat]
  4152 | D:2      | Killed Terence
  5453 | D:3      | Found a glowing silver altar of Zin.
  5453 | D:3      | Found an opulent altar of Gozag.
  5939 | D:4      | Reached skill level 5 in Fighting
  6250 | D:5      | Noticed Prince Ribbit
  6265 | D:5      | Killed Prince Ribbit
  6265 | D:5      | Reached skill level 5 in Armour
  6822 | D:6      | Found a glowing golden altar of the Shining One.
  7333 | D:7      | Noticed Slowdrip's ghost (novice VSFi)
  7344 | D:8      | Noticed a two-headed ogre
  7354 | D:8      | Killed a two-headed ogre
  7468 | D:8      | Found a sparkling altar of Nemelex Xobeh.
  7539 | D:8      | Reached XP level 10. HP: 75/88 MP: 18/18
  7641 | D:8      | Noticed a two-headed ogre
  7651 | D:8      | Killed a two-headed ogre
  7792 | D:9      | Found a shadowy altar of Dithmenos.
  7795 | D:9      | Found a snail-covered altar of Cheibriados.
  7798 | D:10     | Entered Level 10 of the Dungeon
  7952 | D:9      | Found a sacrificial altar of Ru.
  8473 | D:10     | Noticed a two-headed ogre
  8499 | D:10     | Killed a two-headed ogre
  8499 | D:10     | Reached skill level 10 in Fighting
  8499 | D:10     | Reached skill level 10 in Armour
  9440 | D:11     | Lost mutation: Your flesh is cold resistant. (rC+) [mutagenic meat]
  9441 | D:11     | Lost mutation: Your mind is acute. (Int +2) [mutagenic meat]
  9499 | D:13     | Noticed a manticore
  9507 | D:13     | Killed a manticore
  9529 | D:12     | Noticed a two-headed ogre
  9539 | D:12     | Killed a two-headed ogre
  9595 | D:12     | Noticed a brown ugly thing
  9778 | D:13     | Reached XP level 11. HP: 102/102 MP: 19/19
  9796 | D:13     | Noticed a deep elf mage
 10373 | D:13     | Killed a deep elf mage
 10702 | D:13     | Found an iron altar of Okawaru.
 10746 | D:13     | Noticed a centaur warrior
 10755 | D:13     | Killed a centaur warrior
 10871 | D:14     | Found a frozen archway.
 10878 | IceCv    | Entered an ice cave
 10972 | IceCv    | Mangled by an ice devil

Vault maps used:
D:1:      minmay_arrival_arboretum_large
D:2:      vehumet_crystals, lightli_temple_of_fire, first_bread,
          chequers_ecumenical_altar_simple_redux, uniq_terence
D:3:      cheibrodos_greedy_goblins, grunt_temple_overflow_gold_and_silver
D:5:      serial_shops, nicolae_shop_window_shopping, uniq_prince_ribbit1
D:6:      tso_oasis_becter, kennysheep_mini_moat, minmay_temple_entry_mist,
          serial_bayou_lagoon_b
D:7:      lemuel_crystal_altar, enter_bailey_2, uniq_duvessa
D:8:      nemelex_xobeh_ov_fountains_minmay, grunt_livestock
D:9:      lemuel_doored_altar, chequers_temple_overflow_statue_of_worship,
          gammafunk_temple_overflow_pools, nicolae_ru_awakened_eye
D:11:     erik_lair_dragon, serial_shops, shop, basic_altar, disabler_island
D:12:     zombieorc1_lemuel, basic_altar
D:13:     minmay_bloctagon_deflated, okawaru_ov_weapons_minmay
D:14:     grunt_vaults_entry_fortified, dk_noncrumbling_3,
          portal_ice_cave_entry_pillars_1, special_room,
          nicolae_dithmenos_shadow_blocks
Bailey:   bailey_polearm_2, bailey
IceCv:    ice_cave_tombish

Skill      XL: |  1  2  3  4  5  6  7  8  9 10 11 |
---------------+----------------------------------+-----
Maces & Flails | 2 3 4 5 |  5.1
Armour         | 3 8 11 12 | 12.6
Fighting       | 3 4 7 11 12 | 12.0
Dodging        | 1 2 |  2.0
Evocations     | 3 6 |  6.1
Crossbows      | 6 7 |  7.4
Polearms       | |  0.3
Shields        | |  2.6

Action                   |  1- 3 |  4- 6 |  7- 9 | 10-12 || total
-------------------------+-------+-------+-------+-------++-------
Melee: Flail             |   111 |    40 |    12 |       ||   163
       Rapier            |       |       |   264 |   271 ||   535
       Bardiche          |       |       |    10 |       ||    10
 Fire: Arbalest          |       |       |    88 |    88 ||   176
Evoke: Wand              |       |    13 |    43 |    27 ||    83
  Use: Potion            |     3 |       |       |       ||     3
       Scroll            |       |     9 |     5 |    11 ||    25
  Eat: Royal jelly       |       |     2 |     4 |     1 ||     7
       Chunk             |       |     1 |    19 |    11 ||    31
       Fruit             |       |     1 |       |     1 ||     2
Armor: Scale mail        |    33 |       |       |       ||    33
       Ring mail         |     7 |     9 |   148 |   100 ||   264
       Plate armour      |       |       |       |    85 ||    85
Dodge: Dodged            |    33 |    17 |   242 |   192 ||   484
Block: Shield            |    51 |    16 |    10 |       ||    77
